Gangsters vs Carnivores
Created - December 30, 2018 at 09:52
Goals
|
| Gangsters |
0 |
1 |
1 |
2 |
| Carnivores |
1 |
3 |
2 |
6 |
|
Shots
|
| Gangsters |
2 |
16 |
5 |
23 |
| Carnivores |
13 |
7 |
8 |
28 |
|
1st period
1. Carnivores , Nicolas Kerdiles 6 (Mark McNeill 8) at 19:16
Penalties :
No Penalty
2nd period
2. Carnivores , Jeremy Williams 17 (Sasha Pokulok 10, Zack Smith 7) at 1:17
3. Carnivores , Nikita Alexeev 13 (Jeremy Welsh 13) at 10:22
4. Carnivores , Mark McNeill 6 (Nicolas Kerdiles 8, Sasha Pokulok 11) at 13:20
5. Gangsters , Dave Dziurzynski 22 (Patrik Nemeth 13, Maxime Sauvé 28) at 15:24 (PP)
Penalties :
Morgan Ellis (Bro) for Hooking (Minor) at 11:07, Markus Granlund (Bre) for Tripping (Minor) at 15:07, Phillip Danault (Bro) for High sticking (Minor) at 19:02
3rd period
6. Carnivores , Nicolas Kerdiles 7 (Zack Smith 8, Sasha Pokulok 12) at 7:03
7. Gangsters , Brett Ponich 3 (David Pope 7, Tomas Hertl 23) at 9:33
8. Carnivores , Mark McNeill 7 (T.J Brodie 17, Nate Schmidt 23) at 11:14
Penalties :
Alexander Wennberg (Bro) for Roughing (Minor) at 0:46, T.J Brodie (Bre) for Hooking (Minor) at 12:31
Goalie Stats
Mike Condon (Bro), 7 saves from 9 shots - (0.778), 26:40 minutes
Dustin Tokarski (Bro), 15 saves from 19 shots - (0.789), L, 11-13-1, 33:20 minutes
Niklas Svedberg (Bre), 21 saves from 23 shots - (0.913), W, 7-7-1, 60:00 minutes
Players Stats for Gangsters
Player Name G A P +/- PIM S H SB GA TA FO MP PP MP PK MP
------------------------------------------------------------------------------------
Alexander Wennberg 0 0 0 -1 2 1 0 0 1 0 5/7 14:44 0:00 0:45
Austen Brassard 0 0 0 -1 0 0 1 0 0 0 0/0 13:46 0:00 0:00
Brett Ponich 1 0 1 -2 0 2 0 0 0 0 0/0 19:18 0:48 2:16
Dave Dziurzynski 1 0 1 -3 0 4 0 0 0 1 1/1 19:18 1:14 1:25
David Pope 0 1 1 -1 0 2 2 1 1 0 0/1 18:23 0:52 0:42
Derrick Pouliot 0 0 0 -1 0 0 0 0 0 0 0/0 9:37 0:00 0:00
Jonas Brodin 0 0 0 -1 0 0 0 1 0 1 0/0 10:12 0:00 0:36
Jordan Subban 0 0 0 0 0 0 0 0 0 0 0/0 0:00 0:00 0:00
Kevin Roy 0 0 0 0 0 0 0 0 0 0 0/0 5:53 0:10 0:00
Matt Delahey 0 0 0 -2 0 3 1 3 0 0 0/0 23:26 1:28 3:26
Maxime Sauvé 0 1 1 -3 0 3 1 1 0 0 9/20 22:17 1:24 3:13
Morgan Ellis 0 0 0 -2 2 2 1 1 0 0 0/0 18:15 0:48 1:40
Patrik Nemeth 0 1 1 -2 0 1 2 1 1 2 0/0 23:26 1:28 3:26
Phillip Danault 0 0 0 -1 2 1 0 1 0 0 0/0 15:06 0:00 1:35
Ryan Culkin 0 0 0 0 0 0 0 0 0 1 0/0 8:08 0:00 0:00
Sebastian Collberg 0 0 0 -1 0 0 0 1 0 1 0/0 17:37 0:52 0:00
Seth Griffith 0 0 0 0 0 0 1 0 0 0 1/1 6:04 0:10 0:18
Stefan Noesen 0 0 0 -3 0 2 2 0 1 0 0/2 18:17 1:14 0:00
Steven Santini 0 0 0 0 0 0 0 0 0 0 0/0 8:08 0:00 0:00
Tomas Hertl 0 1 1 -1 0 2 0 0 0 0 5/7 22:05 0:52 3:10
Players Stats for Carnivores
Player Name G A P +/- PIM S H SB GA TA FO MP PP MP PK MP
------------------------------------------------------------------------------------
Anton Gustafsson 0 0 0 0 0 1 1 1 0 0 5/20 17:23 0:00 1:19
Blake Geoffrion 0 0 0 0 0 1 2 1 0 0 0/1 19:08 3:07 0:00
Chris Lawrence 0 0 0 0 0 1 3 1 1 0 2/2 20:38 3:07 1:19
Curtis Lazar 0 0 0 0 0 0 0 0 0 0 0/0 0:29 0:00 0:00
David Schlemko 0 0 0 2 0 3 1 0 0 1 0/0 20:06 2:14 0:53
Frederik Gauthier 0 0 0 3 0 0 0 0 0 0 2/3 12:46 0:00 0:24
Hunter Shinkaruk 0 0 0 1 0 0 0 1 0 1 0/0 10:11 0:00 0:22
Jeremy Welsh 0 1 1 1 0 0 3 0 0 0 0/0 16:22 2:35 0:00
Jeremy Williams 1 0 1 1 0 2 1 0 0 0 0/0 12:27 2:35 0:00
Josh Manson 0 0 0 0 0 0 0 1 0 0 0/0 11:38 0:00 0:09
Mark McNeill 2 1 3 3 0 6 3 0 0 0 0/0 12:22 0:00 0:00
Markus Granlund 0 0 0 1 2 0 2 0 0 0 9/11 17:10 3:07 0:18
Mat Clark 0 0 0 2 0 1 2 2 0 0 0/0 17:11 2:14 0:00
Mattias Backman 0 0 0 2 0 0 0 0 0 0 0/0 6:12 0:00 1:06
Nate Schmidt 0 1 1 1 0 2 1 1 0 1 0/0 24:07 3:28 1:23
Nicolas Kerdiles 2 1 3 3 0 4 3 0 1 0 0/0 13:12 0:00 0:50
Nikita Alexeev 1 0 1 1 0 3 1 0 3 0 0/0 13:44 0:00 0:00
Sasha Pokulok 0 3 3 2 0 2 2 0 0 1 0/0 17:31 0:00 0:44
T.J Brodie 0 1 1 1 2 2 1 1 1 0 0/0 22:38 3:28 0:17
Zack Smith 0 2 2 1 0 0 4 0 0 0 0/2 12:27 2:35 0:00
3 Stars
1 - Mark McNeill (Bre)
2 - Nicolas Kerdiles (Bre)
3 - Sasha Pokulok (Bre)
Power Play
Gangsters - 1 on 2 Attempt(s) - 50.00%
Carnivores - 0 on 3 Attempt(s) - 0.00%
Penalty Kill
Gangsters - 3 on 3 Attempt(s) - 100.00%
- Score 0 goal in Penalty Kill
Carnivores - 1 on 2 Attempt(s) - 50.00%
- Score 0 goal in Penalty Kill
Team Stat
Gangsters - Hits : 11 - Faceoff Wins : 21 - Blocked Shots : 10 - Penalty Minutes : 6
Carnivores - Hits : 30 - Faceoff Wins : 18 - Blocked Shots : 9 - Penalty Minutes : 4
Official
Referees : Unknown
Linesman : Unknown
Game Notes
Mike Condon enters game at 13:20 of 2nd period
9:33 of 3rd period - Gangsters goal is going for a video replay. After video review, Goal.
Finance
Level 1 -- Attendance: 1541 (77.05%) -- Ticket Income $61,640
Level 2 -- Attendance: 687 (68.70%) -- Ticket Income $13,740
Total Attendance: 2228 (74.27%)
Total Ticket Income: $75,380
Other Income: $3,769
Total Income: $79,149
Gangsters
5 vs 5 Forward
Center Left Wing Right Wing Time % Phy DF OF
1 Maxime Sauvé Dave Dziurzynski Stefan Noesen 40 1 2 2
2 Tomas Hertl David Pope Sebastian Collberg 30 1 2 2
3 Alexander Wennberg Phillip Danault Austen Brassard 20 1 2 2
4 Seth Griffith Maxime Sauvé Tomas Hertl 10 1 2 2
5 vs 5 Defense
Defense Defense Time % Phy DF OF
1 Patrik Nemeth Matt Delahey 40 1 2 2
2 Morgan Ellis Brett Ponich 30 1 2 2
3 Jonas Brodin Derrick Pouliot 20 1 2 2
4 Ryan Culkin Steven Santini 10 1 2 2
PowerPlay Forward
Center Left Wing Right Wing Time % Phy DF OF
1 Maxime Sauvé Dave Dziurzynski Stefan Noesen 60 1 2 2
2 Tomas Hertl David Pope Sebastian Collberg 40 1 2 2
PowerPlay Defense
Defense Defense Time % Phy DF OF
1 Patrik Nemeth Matt Delahey 60 1 2 2
2 Morgan Ellis Brett Ponich 40 1 2 2
Penalty Kill 4 Players Forward
Center Wing Time % Phy DF OF
1 Maxime Sauvé Tomas Hertl 60 1 2 2
2 Dave Dziurzynski Alexander Wennberg 40 1 2 2
Penalty Kill 4 Players Defense
Defense Defense Time % Phy DF OF
1 Patrik Nemeth Matt Delahey 60 1 2 2
2 Morgan Ellis Brett Ponich 40 1 2 2
Penalty Kill - 3 Players Forward
Forward Time % Phy DF OF
1 Maxime Sauvé 60 1 2 2
2 Tomas Hertl 40 1 2 2
Penalty Kill - 3 Players Defense
Defense Defense Time % Phy DF OF
1 Patrik Nemeth Matt Delahey 60 1 2 2
2 Morgan Ellis Brett Ponich 40 1 2 2
4 vs 4 Forward
Center Wing Time % Phy DF OF
1 Maxime Sauvé Tomas Hertl 60 1 2 2
2 Dave Dziurzynski Alexander Wennberg 40 1 2 2
4 vs 4 Defense
Defense Defense Time % Phy DF OF
1 Patrik Nemeth Matt Delahey 60 1 2 2
2 Morgan Ellis Brett Ponich 40 1 2 2
Last Minutes Offensive
Center Left Wing Right Wing Defense Defense
Maxime Sauvé Dave Dziurzynski Stefan Noesen Patrik Nemeth Matt Delahey
Last Minutes Defensive
Center Left Wing Right Wing Defense Defense
Maxime Sauvé Dave Dziurzynski Stefan Noesen Patrik Nemeth Matt Delahey
Goaltenders
Starting : Dustin Tokarski
Backup : Mike Condon
Extra Forwards
Normal : Kevin Roy, Seth Griffith, Phillip Danault - PP : Kevin Roy, Seth Griffith - PK : Phillip Danault
Extra Defensemen
Normal : Jordan Subban, Jonas Brodin, Derrick Pouliot - PP : Jordan Subban - PK : Jonas Brodin, Derrick Pouliot
Penalty Shots
Maxime Sauvé, Tomas Hertl, Dave Dziurzynski, Alexander Wennberg, Stefan Noesen
Scratches
Devante Smith-Pelly (Bruised Left Foot Injury), Jordan Binnington (Healthy)
Carnivores
5 vs 5 Forward
Center Left Wing Right Wing Time % Phy DF OF
1 Anton Gustafsson Blake Geoffrion Chris Lawrence 40 1 2 2
2 Markus Granlund Jeremy Welsh Nikita Alexeev 30 1 2 2
3 Frederik Gauthier Nicolas Kerdiles Mark McNeill 20 1 2 2
4 Zack Smith Hunter Shinkaruk Jeremy Williams 10 1 2 2
5 vs 5 Defense
Defense Defense Time % Phy DF OF
1 T.J Brodie Nate Schmidt 40 1 2 2
2 Sasha Pokulok David Schlemko 30 1 2 2
3 Mat Clark Josh Manson 20 1 2 2
4 Mat Clark Mattias Backman 10 1 2 2
PowerPlay Forward
Center Left Wing Right Wing Time % Phy DF OF
1 Markus Granlund Blake Geoffrion Chris Lawrence 60 1 2 2
2 Zack Smith Jeremy Welsh Jeremy Williams 40 1 2 2
PowerPlay Defense
Defense Defense Time % Phy DF OF
1 T.J Brodie Nate Schmidt 60 1 2 2
2 Mat Clark David Schlemko 40 1 2 2
Penalty Kill 4 Players Forward
Center Wing Time % Phy DF OF
1 Anton Gustafsson Chris Lawrence 60 1 2 2
2 Frederik Gauthier T.J Brodie 40 1 2 2
Penalty Kill 4 Players Defense
Defense Defense Time % Phy DF OF
1 T.J Brodie Nate Schmidt 60 1 2 2
2 Sasha Pokulok David Schlemko 40 1 2 2
Penalty Kill - 3 Players Forward
Forward Time % Phy DF OF
1 Anton Gustafsson 60 1 2 2
2 Chris Lawrence 40 1 2 2
Penalty Kill - 3 Players Defense
Defense Defense Time % Phy DF OF
1 T.J Brodie Nate Schmidt 60 1 2 2
2 Sasha Pokulok David Schlemko 40 1 2 2
4 vs 4 Forward
Center Wing Time % Phy DF OF
1 Blake Geoffrion Chris Lawrence 60 1 2 2
2 Jeremy Williams Zack Smith 40 1 2 2
4 vs 4 Defense
Defense Defense Time % Phy DF OF
1 T.J Brodie Nate Schmidt 60 1 2 2
2 Mat Clark David Schlemko 40 1 2 2
Last Minutes Offensive
Center Left Wing Right Wing Defense Defense
Markus Granlund Blake Geoffrion Chris Lawrence Mat Clark Nate Schmidt
Last Minutes Defensive
Center Left Wing Right Wing Defense Defense
Anton Gustafsson Blake Geoffrion Chris Lawrence Sasha Pokulok Nate Schmidt
Goaltenders
Starting : Niklas Svedberg
Backup : Tristan Jarry
Extra Forwards
Normal : Curtis Lazar, Nicolas Kerdiles, Mark McNeill - PP : Curtis Lazar, Nicolas Kerdiles - PK : Nicolas Kerdiles
Extra Defensemen
Normal : T.J Brodie, Mattias Backman, Josh Manson - PP : T.J Brodie - PK : Mattias Backman, Josh Manson
Penalty Shots
Blake Geoffrion, Chris Lawrence, Jeremy Williams, Zack Smith, Jeremy Welsh
Scratches
Adam Almquist (Healthy), Connor Clifton (Healthy), Stanislav Galiev (Healthy), Mark MacMillan (Healthy), Tyler Graovac (Healthy)
Troy Bourke (Healthy), Alexandre Mallet (Healthy), Michael Schumacher (Healthy)
% Time on Ice - Gangsters
Lines # - Real PCT - Wanted PCT - Time Play
Normal Forward
1 - 33% - 40% - 17:08
2 - 32% - 30% - 16:31
3 - 27% - 20% - 14:05
4 - 8% - 10% - 4:18
Normal Defense
1 - 36% - 40% - 18:32
2 - 30% - 30% - 15:46
3 - 18% - 20% - 9:36
4 - 16% - 10% - 8:08
PP Forward
1 - 62% - 60% - 1:24
2 - 38% - 40% - 0:52
PP Defense
1 - 65% - 60% - 1:28
2 - 35% - 40% - 0:48
PK Forward
1 - 74% - 60% - 4:02
2 - 26% - 40% - 1:25
PK Defense
1 - 58% - 60% - 3:11
2 - 42% - 40% - 2:16
PK3 Forward
1 - 100% - 60% - 0:15
2 - 0% - 40% - 0:00
PK3 Defense
1 - 100% - 60% - 0:15
2 - 0% - 40% - 0:00
44 Forward
1 - 0% - 60%
2 - 0% - 40%
44 Defense
1 - 0% - 60%
2 - 0% - 40%
Last Minute Offensive - 0:00
Last Minute Defensive - 0:00
Total
Forward - 60:00
Defense - 60:00
|
% Time on Ice - Carnivores
Lines # - Real PCT - Wanted PCT - Time Play
Normal Forward
1 - 31% - 40% - 16:04
2 - 26% - 30% - 13:47
3 - 24% - 20% - 12:22
4 - 19% - 10% - 9:49
Normal Defense
1 - 36% - 40% - 18:54
2 - 32% - 30% - 16:47
3 - 22% - 20% - 11:26
4 - 9% - 10% - 4:55
PP Forward
1 - 55% - 60% - 3:07
2 - 45% - 40% - 2:35
PP Defense
1 - 61% - 60% - 3:28
2 - 39% - 40% - 2:14
PK Forward
1 - 82% - 60% - 1:52
2 - 18% - 40% - 0:24
PK Defense
1 - 68% - 60% - 1:32
2 - 32% - 40% - 0:44
PK3 Forward
1 - 0% - 60%
2 - 0% - 40%
PK3 Defense
1 - 0% - 60%
2 - 0% - 40%
44 Forward
1 - 0% - 60%
2 - 0% - 40%
44 Defense
1 - 0% - 60%
2 - 0% - 40%
Last Minute Offensive - 0:00
Last Minute Defensive - 0:00
Total
Forward - 60:00
Defense - 60:00
|
Play by Play
1st period
0:01 of 1st period - Maxime Sauvé wins face-off versus Anton Gustafsson in neutral zone.
0:08 of 1st period - Snap shot by Stefan Noesen.
0:08 of 1st period - Shot Misses the Net.
0:32 of 1st period - Snap shot by Anton Gustafsson.
0:32 of 1st period - Shot Misses the Net.
1:06 of 1st period - Nate Schmidt is hit by David Pope and loses puck.
1:19 of 1st period - Slapshot by Jeremy Williams.
1:19 of 1st period - Shot Misses the Net.
1:21 of 1st period - Wrist shot by Jeremy Williams.
1:21 of 1st period - Stopped by Dustin Tokarski with a rebound.
1:44 of 1st period - Wrist shot by Mark McNeill.
1:44 of 1st period - Stopped by Dustin Tokarski without a rebound.
1:45 of 1st period - Frederik Gauthier wins face-off versus Maxime Sauvé in Gangsters zone.
2:10 of 1st period - Jonas Brodin is hit by Mat Clark and loses puck.
3:05 of 1st period - Slapshot by David Schlemko.
3:05 of 1st period - Shot Misses the Net.
3:09 of 1st period - Slapshot by T.J Brodie.
3:09 of 1st period - Deflect By Nicolas Kerdiles.
3:09 of 1st period - Shot Blocked by Matt Delahey.
3:09 of 1st period - Puck is out of play.
3:10 of 1st period - Markus Granlund wins face-off versus Tomas Hertl in Gangsters zone.
3:35 of 1st period - Backhand shot by Blake Geoffrion.
3:35 of 1st period - Shot Blocked by David Pope.
3:37 of 1st period - Slapshot by Nate Schmidt.
3:37 of 1st period - Shot Blocked by Sebastian Collberg.
3:39 of 1st period - Slapshot by Nate Schmidt.
3:39 of 1st period - Shot Misses the Net.
3:41 of 1st period - Slapshot by T.J Brodie.
3:41 of 1st period - Stopped by Dustin Tokarski with a rebound.
3:43 of 1st period - Backhand shot by Blake Geoffrion.
3:43 of 1st period - Shot Misses the Net.
3:45 of 1st period - Slapshot by Nate Schmidt.
3:45 of 1st period - Shot Blocked by Patrik Nemeth.
3:57 of 1st period - Slapshot by Dave Dziurzynski.
3:57 of 1st period - Stopped by Niklas Svedberg without a rebound.
3:58 of 1st period - Frederik Gauthier wins face-off versus Stefan Noesen in Carnivores zone.
4:05 of 1st period - Stefan Noesen is hit by David Schlemko and loses puck.
4:22 of 1st period - Wrist shot by Maxime Sauvé.
4:22 of 1st period - Shot Misses the Net.
4:46 of 1st period - Slapshot by David Schlemko.
4:46 of 1st period - Stopped by Dustin Tokarski with a rebound.
4:48 of 1st period - Snap shot by Sasha Pokulok.
4:48 of 1st period - Stopped by Dustin Tokarski with a rebound.
4:50 of 1st period - Slapshot by David Schlemko.
4:50 of 1st period - Deflect By Brett Ponich.
4:50 of 1st period - Stopped by Dustin Tokarski with a rebound.
4:52 of 1st period - Slapshot by Mark McNeill.
4:52 of 1st period - Stopped by Dustin Tokarski with a rebound.
5:02 of 1st period - Snap shot by Mark McNeill.
5:02 of 1st period - Stopped by Dustin Tokarski with a rebound.
5:34 of 1st period - Wrist shot by Sasha Pokulok.
5:34 of 1st period - Stopped by Dustin Tokarski with a rebound.
5:54 of 1st period - Snap shot by Maxime Sauvé.
5:54 of 1st period - Stopped by Niklas Svedberg without a rebound.
5:55 of 1st period - Anton Gustafsson wins face-off versus Alexander Wennberg in Carnivores zone.
5:55 of 1st period - Anton Gustafsson is hit by Patrik Nemeth.
7:02 of 1st period - Wrist shot by Anton Gustafsson.
7:02 of 1st period - Shot Misses the Net.
7:36 of 1st period - Snap shot by Zack Smith.
7:36 of 1st period - Shot Misses the Net.
12:22 of 1st period - Alexander Wennberg is hit by Nicolas Kerdiles and loses puck.
12:39 of 1st period - Maxime Sauvé is hit by Jeremy Welsh and loses puck.
12:50 of 1st period - Dave Dziurzynski is hit by Blake Geoffrion and loses puck.
14:12 of 1st period - Tomas Hertl is hit by Nicolas Kerdiles and loses puck.
14:31 of 1st period - Wrist shot by Jeremy Welsh.
14:31 of 1st period - Shot Misses the Net.
15:37 of 1st period - Snap shot by Nicolas Kerdiles.
15:37 of 1st period - Stopped by Dustin Tokarski with a rebound.
16:11 of 1st period - Slapshot by Anton Gustafsson.
16:11 of 1st period - Stopped by Dustin Tokarski without a rebound.
16:12 of 1st period - Seth Griffith wins face-off versus Anton Gustafsson in Gangsters zone.
16:29 of 1st period - Snap shot by Nikita Alexeev.
16:29 of 1st period - Shot Misses the Net.
17:47 of 1st period - Snap shot by Chris Lawrence.
17:47 of 1st period - Stopped by Dustin Tokarski with a rebound.
18:11 of 1st period - Nikita Alexeev is hit by Morgan Ellis and loses puck.
19:16 of 1st period - Slapshot by Nicolas Kerdiles.
19:16 of 1st period - Goal by Nicolas Kerdiles - Gangsters : 0 - Carnivores : 1.
19:17 of 1st period - Anton Gustafsson wins face-off versus Maxime Sauvé in neutral zone.
19:44 of 1st period - David Schlemko is hit by David Pope and loses puck.
Goals for this period are 0 for Gangsters vs 1 for Carnivores.
Shots for this period are 2 for Gangsters vs 13 for Carnivores.
2nd period
0:01 of 2nd period - Anton Gustafsson wins face-off versus Maxime Sauvé in neutral zone.
0:26 of 2nd period - Matt Delahey is hit by Markus Granlund and loses puck.
0:33 of 2nd period - Wrist shot by Tomas Hertl.
0:33 of 2nd period - Shot Misses the Net.
0:35 of 2nd period - Slapshot by Morgan Ellis.
0:35 of 2nd period - Shot Blocked by Nate Schmidt.
0:47 of 2nd period - Austen Brassard is hit by Mark McNeill and loses puck.
0:56 of 2nd period - Brett Ponich is hit by T.J Brodie and loses puck.
1:11 of 2nd period - Slapshot by Jeremy Williams.
1:11 of 2nd period - Shot Misses the Net.
1:13 of 2nd period - Slapshot by Sasha Pokulok.
1:13 of 2nd period - Shot Misses the Net.
1:15 of 2nd period - Snap shot by Jeremy Williams.
1:15 of 2nd period - Shot Misses the Net.
1:17 of 2nd period - Wrist shot by Jeremy Williams.
1:17 of 2nd period - Goal by Jeremy Williams - Gangsters : 0 - Carnivores : 2.
1:18 of 2nd period - Maxime Sauvé wins face-off versus Anton Gustafsson in neutral zone.
1:21 of 2nd period - Wrist shot by Stefan Noesen.
1:21 of 2nd period - Stopped by Niklas Svedberg with a rebound.
1:23 of 2nd period - Slapshot by Matt Delahey.
1:23 of 2nd period - Stopped by Niklas Svedberg with a rebound.
1:25 of 2nd period - Slapshot by Maxime Sauvé.
1:25 of 2nd period - Deflect By Stefan Noesen.
1:25 of 2nd period - Shot Blocked by Blake Geoffrion.
1:25 of 2nd period - Puck is out of play.
1:26 of 2nd period - Anton Gustafsson wins face-off versus Maxime Sauvé in Carnivores zone.
2:21 of 2nd period - Snap shot by Nicolas Kerdiles.
2:21 of 2nd period - Stopped by Dustin Tokarski with a rebound.
2:23 of 2nd period - Wrist shot by Frederik Gauthier.
2:23 of 2nd period - Shot Blocked by Jonas Brodin.
2:25 of 2nd period - Slapshot by Josh Manson.
2:25 of 2nd period - Shot Blocked by Phillip Danault.
2:54 of 2nd period - Sebastian Collberg is hit by Zack Smith and loses puck.
3:03 of 2nd period - David Pope is hit by Jeremy Williams and loses puck.
3:23 of 2nd period - Brett Ponich is hit by Markus Granlund and loses puck.
3:42 of 2nd period - Maxime Sauvé is hit by Mark McNeill.
3:52 of 2nd period - Austen Brassard is hit by Chris Lawrence and loses puck.
7:18 of 2nd period - Tomas Hertl is hit by Nate Schmidt and loses puck.
8:06 of 2nd period - Austen Brassard is hit by Nikita Alexeev and loses puck.
8:46 of 2nd period - Wrist shot by Anton Gustafsson.
8:46 of 2nd period - Deflect By Chris Lawrence.
8:46 of 2nd period - Shot Misses the Net.
8:46 of 2nd period - Puck is out of play.
8:47 of 2nd period - Markus Granlund wins face-off versus Tomas Hertl in Gangsters zone.
8:50 of 2nd period - Snap shot by Jeremy Welsh.
8:50 of 2nd period - Shot Misses the Net.
8:58 of 2nd period - Snap shot by Tomas Hertl.
8:58 of 2nd period - Stopped by Niklas Svedberg without a rebound.
8:59 of 2nd period - Alexander Wennberg wins face-off versus Anton Gustafsson in Carnivores zone.
8:59 of 2nd period - Matt Delahey is hit by Sasha Pokulok and loses puck.
9:37 of 2nd period - Wrist shot by Chris Lawrence.
9:37 of 2nd period - Shot Misses the Net.
9:51 of 2nd period - Wrist shot by Nikita Alexeev.
9:51 of 2nd period - Stopped by Dustin Tokarski with a rebound.
9:53 of 2nd period - Snap shot by Nikita Alexeev.
9:53 of 2nd period - Deflect By Markus Granlund.
9:53 of 2nd period - Shot Misses the Net.
9:53 of 2nd period - Puck is out of play.
9:54 of 2nd period - Markus Granlund wins face-off versus Stefan Noesen in Gangsters zone.
10:17 of 2nd period - David Pope is hit by Jeremy Welsh and loses puck.
10:22 of 2nd period - Slapshot by Nikita Alexeev.
10:22 of 2nd period - Goal by Nikita Alexeev - Gangsters : 0 - Carnivores : 3.
10:23 of 2nd period - Maxime Sauvé wins face-off versus Anton Gustafsson in neutral zone.
10:35 of 2nd period - Snap shot by Nate Schmidt.
10:35 of 2nd period - Stopped by Dustin Tokarski with a rebound.
10:49 of 2nd period - Anton Gustafsson is hit by Austen Brassard and loses puck.
11:07 of 2nd period - Minor Penalty to Morgan Ellis for Hooking.
11:08 of 2nd period - Tomas Hertl wins face-off versus Zack Smith in Gangsters zone.
11:08 of 2nd period - Tomas Hertl is hit by Zack Smith.
12:23 of 2nd period - Icing by Nate Schmidt.
12:24 of 2nd period - Markus Granlund wins face-off versus Maxime Sauvé in Carnivores zone.
12:57 of 2nd period - Matt Delahey is hit by Jeremy Welsh.
13:01 of 2nd period - Jeremy Williams is hit by Patrik Nemeth and loses puck.
13:07 of 2nd period - Penalty to Morgan Ellis is over, Morgan Ellis is back on ice.
13:20 of 2nd period - Snap shot by Mark McNeill.
13:20 of 2nd period - Goal by Mark McNeill - Gangsters : 0 - Carnivores : 4.
13:20 of 2nd period - Mike Condon enters game.
13:21 of 2nd period - Tomas Hertl wins face-off versus Anton Gustafsson in neutral zone.
13:24 of 2nd period - Snap shot by Morgan Ellis.
13:24 of 2nd period - Stopped by Niklas Svedberg without a rebound.
13:25 of 2nd period - Tomas Hertl wins face-off versus Anton Gustafsson in Carnivores zone.
14:26 of 2nd period - Snap shot by David Pope.
14:26 of 2nd period - Stopped by Niklas Svedberg with a rebound.
14:28 of 2nd period - Wrist shot by Tomas Hertl.
14:28 of 2nd period - Shot Misses the Net.
14:30 of 2nd period - Snap shot by Morgan Ellis.
14:30 of 2nd period - Deflect By Zack Smith.
14:30 of 2nd period - Stopped by Niklas Svedberg with a rebound.
14:32 of 2nd period - Slapshot by Sebastian Collberg.
14:32 of 2nd period - Shot Misses the Net.
14:42 of 2nd period - Slapshot by David Pope.
14:42 of 2nd period - Shot Blocked by Hunter Shinkaruk.
14:44 of 2nd period - Slapshot by Sebastian Collberg.
14:44 of 2nd period - Shot Misses the Net.
14:46 of 2nd period - Snap shot by Tomas Hertl.
14:46 of 2nd period - Stopped by Niklas Svedberg without a rebound.
14:47 of 2nd period - Maxime Sauvé wins face-off versus Anton Gustafsson in Carnivores zone.
14:52 of 2nd period - Wrist shot by Stefan Noesen.
14:52 of 2nd period - Stopped by Niklas Svedberg with a rebound.
14:54 of 2nd period - Slapshot by Matt Delahey.
14:54 of 2nd period - Stopped by Niklas Svedberg with a rebound.
14:56 of 2nd period - Slapshot by Patrik Nemeth.
14:56 of 2nd period - Shot Hit the Post.
14:58 of 2nd period - Slapshot by Patrik Nemeth.
14:58 of 2nd period - Shot Misses the Net.
15:00 of 2nd period - Snap shot by Maxime Sauvé.
15:00 of 2nd period - Stopped by Niklas Svedberg with a rebound.
15:02 of 2nd period - Slapshot by Dave Dziurzynski.
15:02 of 2nd period - Stopped by Niklas Svedberg without a rebound.
15:03 of 2nd period - Alexander Wennberg wins face-off versus Markus Granlund in Carnivores zone.
15:04 of 2nd period - Slapshot by Patrik Nemeth.
15:04 of 2nd period - Stopped by Niklas Svedberg without a rebound.
15:05 of 2nd period - Markus Granlund wins face-off versus Alexander Wennberg in Carnivores zone.
15:07 of 2nd period - Minor Penalty to Markus Granlund for Tripping.
15:08 of 2nd period - Maxime Sauvé wins face-off versus Anton Gustafsson in Carnivores zone.
15:14 of 2nd period - Snap shot by Maxime Sauvé.
15:14 of 2nd period - Shot Misses the Net.
15:20 of 2nd period - Snap shot by Maxime Sauvé.
15:20 of 2nd period - Stopped by Niklas Svedberg with a rebound.
15:22 of 2nd period - Slapshot by Patrik Nemeth.
15:22 of 2nd period - Shot Blocked by T.J Brodie.
15:24 of 2nd period - Slapshot by Dave Dziurzynski.
15:24 of 2nd period - Goal by Dave Dziurzynski - Gangsters : 1 - Carnivores : 4.
15:25 of 2nd period - Maxime Sauvé wins face-off versus Anton Gustafsson in neutral zone.
15:40 of 2nd period - Snap shot by Dave Dziurzynski.
15:40 of 2nd period - Stopped by Niklas Svedberg without a rebound.
15:41 of 2nd period - Tomas Hertl wins face-off versus Markus Granlund in Carnivores zone.
15:42 of 2nd period - Wrist shot by David Pope.
15:42 of 2nd period - Stopped by Niklas Svedberg with a rebound.
15:50 of 2nd period - Wrist shot by Nikita Alexeev.
15:50 of 2nd period - Stopped by Mike Condon with a rebound.
15:52 of 2nd period - Slapshot by Markus Granlund.
15:52 of 2nd period - Shot Blocked by Matt Delahey.
16:06 of 2nd period - Nate Schmidt is hit by Maxime Sauvé and loses puck.
16:13 of 2nd period - Snap shot by Dave Dziurzynski.
16:13 of 2nd period - Deflect By Stefan Noesen.
16:13 of 2nd period - Shot Misses the Net.
16:13 of 2nd period - Puck is out of play.
16:14 of 2nd period - Chris Lawrence wins face-off versus Maxime Sauvé in Carnivores zone.
16:24 of 2nd period - Slapshot by Jonas Brodin.
16:24 of 2nd period - Shot Blocked by Chris Lawrence.
16:30 of 2nd period - Backhand shot by Stefan Noesen.
16:30 of 2nd period - Shot Misses the Net.
17:45 of 2nd period - Josh Manson is hit by Stefan Noesen and loses puck.
18:14 of 2nd period - Snap shot by Alexander Wennberg.
18:14 of 2nd period - Shot Misses the Net.
18:56 of 2nd period - Wrist shot by Zack Smith.
18:56 of 2nd period - Shot Blocked by Maxime Sauvé.
18:58 of 2nd period - Wrist shot by Hunter Shinkaruk.
18:58 of 2nd period - Deflect By Seth Griffith.
18:58 of 2nd period - Shot Misses the Net.
18:58 of 2nd period - Puck is out of play.
18:59 of 2nd period - Alexander Wennberg wins face-off versus Anton Gustafsson in Gangsters zone.
18:59 of 2nd period - Alexander Wennberg is hit by Sasha Pokulok.
19:02 of 2nd period - Minor Penalty to Phillip Danault for High sticking.
19:03 of 2nd period - Markus Granlund wins face-off versus Maxime Sauvé in Gangsters zone.
Goals for this period are 1 for Gangsters vs 3 for Carnivores.
Shots for this period are 16 for Gangsters vs 7 for Carnivores.
3rd period
0:01 of 3rd period - Chris Lawrence wins face-off versus Maxime Sauvé in neutral zone.
0:04 of 3rd period - Wrist shot by Chris Lawrence.
0:04 of 3rd period - Shot Misses the Net.
0:46 of 3rd period - Minor Penalty to Alexander Wennberg for Roughing.
0:47 of 3rd period - Markus Granlund wins face-off versus Maxime Sauvé in Gangsters zone.
1:02 of 3rd period - Penalty to Phillip Danault is over, Phillip Danault is back on ice.
2:46 of 3rd period - Penalty to Alexander Wennberg is over, Alexander Wennberg is back on ice.
3:04 of 3rd period - Jonas Brodin is hit by Mark McNeill and loses puck.
3:42 of 3rd period - Slapshot by Phillip Danault.
3:42 of 3rd period - Stopped by Niklas Svedberg with a rebound.
3:44 of 3rd period - Wrist shot by Alexander Wennberg.
3:44 of 3rd period - Stopped by Niklas Svedberg with a rebound.
5:02 of 3rd period - Morgan Ellis is hit by Anton Gustafsson and loses puck.
6:05 of 3rd period - Patrik Nemeth is hit by Mat Clark and loses puck.
7:03 of 3rd period - Snap shot by Nicolas Kerdiles.
7:03 of 3rd period - Goal by Nicolas Kerdiles - Gangsters : 1 - Carnivores : 5.
7:04 of 3rd period - Maxime Sauvé wins face-off versus Blake Geoffrion in neutral zone.
7:09 of 3rd period - Slapshot by Maxime Sauvé.
7:09 of 3rd period - Shot Misses the Net.
7:11 of 3rd period - Slapshot by Patrik Nemeth.
7:11 of 3rd period - Shot Blocked by Mat Clark.
7:13 of 3rd period - Slapshot by Matt Delahey.
7:13 of 3rd period - Deflect By Chris Lawrence.
7:13 of 3rd period - Stopped by Niklas Svedberg with a rebound.
7:15 of 3rd period - Slapshot by Matt Delahey.
7:15 of 3rd period - Shot Blocked by Mat Clark.
7:17 of 3rd period - Slapshot by Patrik Nemeth.
7:17 of 3rd period - Shot Blocked by Anton Gustafsson.
7:27 of 3rd period - Wrist shot by Alexander Wennberg.
7:27 of 3rd period - Shot Blocked by Josh Manson.
7:31 of 3rd period - Wrist shot by Alexander Wennberg.
7:31 of 3rd period - Shot Misses the Net.
7:47 of 3rd period - Slapshot by Mat Clark.
7:47 of 3rd period - Shot Blocked by Morgan Ellis.
8:11 of 3rd period - Slapshot by Mat Clark.
8:11 of 3rd period - Stopped by Mike Condon without a rebound.
8:12 of 3rd period - Dave Dziurzynski wins face-off versus Anton Gustafsson in Gangsters zone.
8:17 of 3rd period - Blake Geoffrion is hit by Matt Delahey and loses puck.
8:43 of 3rd period - Wrist shot by Anton Gustafsson.
8:43 of 3rd period - Shot Blocked by Matt Delahey.
8:45 of 3rd period - Snap shot by Blake Geoffrion.
8:45 of 3rd period - Stopped by Mike Condon without a rebound.
8:46 of 3rd period - Markus Granlund wins face-off versus David Pope in Gangsters zone.
9:31 of 3rd period - Wrist shot by David Pope.
9:31 of 3rd period - Shot Misses the Net.
9:33 of 3rd period - Slapshot by Brett Ponich.
9:33 of 3rd period - Gangsters goal is going for a video replay.
9:33 of 3rd period - The goal is good.
9:33 of 3rd period - Goal by Brett Ponich - Gangsters : 2 - Carnivores : 5.
9:34 of 3rd period - Maxime Sauvé wins face-off versus Anton Gustafsson in neutral zone.
10:20 of 3rd period - Icing by Patrik Nemeth.
10:21 of 3rd period - Alexander Wennberg wins face-off versus Frederik Gauthier in Gangsters zone.
10:21 of 3rd period - Alexander Wennberg is hit by Nicolas Kerdiles.
11:08 of 3rd period - Backhand shot by T.J Brodie.
11:08 of 3rd period - Stopped by Mike Condon with a rebound.
11:10 of 3rd period - Snap shot by Mark McNeill.
11:10 of 3rd period - Shot Misses the Net.
11:12 of 3rd period - Snap shot by Mark McNeill.
11:12 of 3rd period - Shot Misses the Net.
11:14 of 3rd period - Snap shot by Mark McNeill.
11:14 of 3rd period - Goal by Mark McNeill - Gangsters : 2 - Carnivores : 6.
11:15 of 3rd period - Anton Gustafsson wins face-off versus Maxime Sauvé in neutral zone.
11:22 of 3rd period - Slapshot by Chris Lawrence.
11:22 of 3rd period - Shot Misses the Net.
12:13 of 3rd period - Slapshot by Nate Schmidt.
12:13 of 3rd period - Stopped by Mike Condon without a rebound.
12:14 of 3rd period - Alexander Wennberg wins face-off versus Anton Gustafsson in Gangsters zone.
12:14 of 3rd period - Alexander Wennberg is hit by Chris Lawrence.
12:28 of 3rd period - Snap shot by Brett Ponich.
12:28 of 3rd period - Stopped by Niklas Svedberg without a rebound.
12:29 of 3rd period - Markus Granlund wins face-off versus Maxime Sauvé in Carnivores zone.
12:31 of 3rd period - Minor Penalty to T.J Brodie for Hooking.
12:32 of 3rd period - Maxime Sauvé wins face-off versus Anton Gustafsson in Carnivores zone.
12:38 of 3rd period - Snap shot by Stefan Noesen.
12:38 of 3rd period - Shot Misses the Net.
14:31 of 3rd period - Penalty to T.J Brodie is over, T.J Brodie is back on ice.
15:02 of 3rd period - Kevin Roy is hit by Zack Smith and loses puck.
15:17 of 3rd period - Snap shot by Mark McNeill.
15:17 of 3rd period - Stopped by Mike Condon with a rebound.
15:44 of 3rd period - Snap shot by Zack Smith.
15:44 of 3rd period - Shot Misses the Net.
15:46 of 3rd period - Slapshot by Sasha Pokulok.
15:46 of 3rd period - Deflect By Zack Smith.
15:46 of 3rd period - Shot Misses the Net.
15:46 of 3rd period - Puck is out of play.
15:47 of 3rd period - Tomas Hertl wins face-off versus Zack Smith in Gangsters zone.
15:47 of 3rd period - Tomas Hertl is hit by Zack Smith.
16:09 of 3rd period - Brett Ponich is hit by Chris Lawrence and loses puck.
17:01 of 3rd period - Mat Clark is hit by Stefan Noesen and loses puck.
18:51 of 3rd period - Frederik Gauthier is hit by Seth Griffith and loses puck.
19:18 of 3rd period - Phillip Danault is hit by Blake Geoffrion.
19:59 of 3rd period - Slapshot by David Schlemko.
19:59 of 3rd period - Stopped by Mike Condon without a rebound.
Goals for this period are 1 for Gangsters vs 2 for Carnivores.
Shots for this period are 5 for Gangsters vs 8 for Carnivores.
Back to the Top